 Dungeon Crawl Stone Soup version 0.18-a0-955-g171f012 (webtiles) character file.

596 Oddball22 the Covert (level 7, -5/35 HPs)
             Began as a Spriggan Artificer on Dec 31, 2015.
             Was an Initiate of Pakellas.
             Killed by nerve-wracking pain
             ... invoked by a shadow imp
             ... summoned by Bikaver's ghost
              (14 damage)
             ... on level 4 of the Dungeon.
             The game lasted 00:13:30 (5931 turns).

Oddball22 the Covert (Spriggan Artificer)           Turns: 5931, Time: 00:13:31

Health: -5/35      AC:  3    Str:  7    XL:     7   Next: 17%
Magic:  11/11      EV: 22    Int: 14    God:    Pakellas [......]
Gold:   173        SH:  0    Dex: 18    Spells: 0 memorised, 6 levels left

rFire  + . .     SeeInvis +     n - +4 dagger
rCold  . . .     Gourm    .     b - +1 robe
rNeg   + . .     Faith    .     (shield restricted)
rPois  .         Spirit   .     (helmet restricted)
rElec  .         Dismiss  +     (no cloak)
rCorr  .         Reflect  .     (gloves unavailable)
SustAt .         Harm     .     (boots unavailable)
MR     +....                    q - amulet of dismissal
Stlth  +++++.....               p - ring of positive energy
                                h - ring of protection from fire

@: very quick, somewhat resistant to hostile enchantments, quite stealthy
A: unfitting armour, see invisible, herbivore 3, speed 3, slow metabolism 2
a: Renounce Religion


You were on level 4 of the Dungeon.
You worshipped Pakellas.
Pakellas was noncommittal.
You were full.

You visited 2 branches of the dungeon, and saw 5 of its levels.

You collected 173 gold pieces.

Inventory:

Hand Weapons
 n - a +4 dagger (weapon)
Armour
 b - a +1 robe (worn)
Jewellery
 h - a ring of protection from fire (left hand)
 p - a ring of positive energy (right hand)
 q - an amulet of dismissal (around neck)
Wands
 c - a wand of flame (1/48)
 d - a wand of enslavement (15/24)
 e - a wand of random effects (5/48)
 k - a wand of paralysis (9/24)
Scrolls
 a - a scroll of teleportation {unknown}
 m - a scroll of blinking
 u - a scroll of immolation {unknown}
Potions
 g - a potion of lignification {unknown}
 i - a potion of agility {unknown}
 j - a potion of haste {unknown}
 o - a potion of invisibility {unknown}
 r - a potion of degeneration {unknown}
 t - a potion of curing {unknown}
Comestibles
 f - 4 bread rations


   Skills:
 + Level 2.2 Fighting
 * Level 1.2 Short Blades
 - Level 6.1 Dodging
 + Level 9.0 Stealth
 + Level 4.9 Evocations


You had 6 spell levels left.
You didn't know any spells.

Dungeon Overview and Level Annotations

Branches:
Dungeon (4/15)             Temple (1/1) D:4

Altars:
Ashenzari
Cheibriados
Dithmenos
Elyvilon
Gozag
Kikubaaqudgha
Makhleb
Okawaru
Pakellas
Ru
Sif Muna
Trog
Vehumet
Xom
Yredelemnul
The Shining One

Annotations:
D:4 Bikaver's ghost, amateur NaWz


Innate Abilities, Weirdness & Mutations

You are tiny and cannot use many weapons and most armour.
You have supernaturally acute eyesight.
You are a herbivore.
You cover ground extremely quickly.
You need consume almost no food.


Message History

Bikaver's ghost casts a spell at you. The magic dart hits you!
* * * LOW HITPOINT WARNING * * *
Evoke which item? (* to show all) (? for menu, Esc to quit)
Zapping:
e - a wand of random effects (6/48)
Press: ? - help, Shift-Dir - straight line, f - Bikaver's ghost
Aim: Bikaver's ghost (moderately damaged) Bikaver's ghost seems to speed up.
This wand has 5 charges left.
Bikaver's ghost completely misses you. The shadow imp closely misses you.
Evoke which item? (* to show all) (? for menu, Esc to quit)
Zapping:
c - a wand of flame (2/48)
Press: ? - help, Shift-Dir - straight line, f/p - Bikaver's ghost
Aim: Bikaver's ghost (moderately damaged, fast)
The puff of flame hits Bikaver's ghost.
Bikaver's ghost is heavily damaged.
This wand has 1 charge left.
Bikaver's ghost hits you.
* * * LOW HITPOINT WARNING * * *
The shadow imp gestures at you. Pain shoots through your body!
You die...

....## ##.###
#....###### #..#.###.##
#.####
......#.########.#
#............(.#.#
#.############.#.#
#......# #.#.# .#####.#
#.#.# .# #.# #.#W# .#
#.# ##.#@# .#
#.######..5.#
.#####...........#
........#####....###
.######.# ##.<##.## .#
#.# ##.#.#.## .#
#.######...###.## .#
#............##.#
.#############...#.#.##


You could see Bikaver's ghost and a shadow imp.

Vanquished Creatures
  An ogre (D:4)
  A boggart (D:2)
  A vampire bat (D:3)
  An orc priest (D:3)
  A crimson imp (D:4)
  A giant frog skeleton (D:4)
  3 worker ants (D:4)
  3 gnolls (D:4)
  4 adders
  2 oozes
  A worm (D:3)
  3 fire bats (D:3)
  3 giant geckos
  6 orcs
  2 spectral bats (D:3)
  15 bats
  3 bat skeletons (D:3)
  A bat zombie (D:3)
  13 hobgoblins
  2 jackals (D:2)
  A quokka (D:2)
  4 ball pythons
  A bat simulacrum (D:3)
  4 giant cockroaches
  A giant newt (D:1)
  6 goblins
  11 kobolds
  10 rats
105 creatures vanquished.

Notes
Turn   | Place    | Note
--------------------------------------------------------------
     0 | D:1      | Oddball22 the Spriggan Artificer began the quest for the Orb.
     0 | D:1      | Reached XP level 1. HP: 9/9 MP: 4/4
   510 | D:1      | You fall through a shaft!
   539 | D:2      | Reached XP level 2. HP: 14/14 MP: 6/6
  1267 | D:2      | Found a basalt altar of Yredelemnul.
  1295 | D:2      | Noticed Sigmund
  1534 | D:2      | Noticed Sigmund
  1534 | D:2      | Sigmund changed into Sigmund the boggart
  1535 | D:2      | Killed Sigmund the boggart
  1535 | D:2      | Reached skill level 5 in Stealth
  1535 | D:2      | Reached XP level 3. HP: 17/17 MP: 7/7
  1535 | D:2      | Reached XP level 4. HP: 21/21 MP: 8/8
  1851 | D:2      | Reached skill level 6 in Stealth
  2321 | D:3      | Reached skill level 5 in Dodging
  2324 | D:3      | Reached XP level 5. HP: 10/25 MP: 9/9
  2418 | D:3      | Found a glowing drain.
  3148 | D:3      | Reached skill level 7 in Stealth
  3360 | D:3      | Found an iron altar of Okawaru.
  4026 | D:3      | Reached skill level 8 in Stealth
  4026 | D:3      | Reached XP level 6. HP: 12/29 MP: 10/10
  4554 | D:4      | Found a staircase to the Ecumenical Temple.
  4563 | Temple   | Entered the Ecumenical Temple
  4624 | Temple   | Became a worshipper of Pakellas the Inventive
  4710 | D:4      | Noticed Bikaver's ghost (amateur NaWz)
  4816 | D:4      | Reached skill level 1 in Fighting
  5421 | D:4      | Reached XP level 7. HP: 23/35 MP: 11/11
  5752 | D:4      | Reached skill level 9 in Stealth
  5931 | D:4      | Killed from afar by a shadow imp

Vault maps used:
D:1:      lightli_iron_boxes
D:2:      interstate_on_off, yredelemnul_altar_generic, uniq_sigmund
D:3:      okawaru_altar_gauntlet_db, first_bread, portal_sewer_entry_c,
          goddamned_bats
D:4:      minmay_goblin_kobold_castle, lemuel_temple_firewalk_marked
Temple:   water_room_temple_a_12

Action                   |  1- 3 |  4- 6 |  7- 9 || total
-------------------------+-------+-------+-------++-------
Melee: Short sword       |    22 |       |       ||    22
       Dagger            |    66 |   533 |    49 ||   648
Evoke: Wand              |     8 |    10 |     6 ||    24
  Use: Scroll            |     3 |     2 |     1 ||     6
 Stab: Sleeping          |     2 |    25 |       ||    27
       Distracted        |       |     2 |       ||     2
  Eat: Fruit             |       |     2 |       ||     2
       Bread ration      |       |       |     1 ||     1
